 Dungeon Sprint DCSS version 0.18-a0-1206-g2bec475 (webtiles) character file.

3087 Enroth the Brawler (level 11, -2/115 HPs)
             Began as a Troll Fighter on Feb 2, 2016.
             Was the Champion of Makhleb.
             Slain by an eldritch tentacle (5 damage)
             ... called by a dimme
             ... in the Dungeon (Sprint VI: "Thunderdome").
             The game lasted 00:29:43 (1469 turns).

Enroth the Brawler (Troll Fighter)                  Turns: 1469, Time: 00:29:43

Health: -2/115     AC: 10    Str: 29    XL:     11   Next: 65%
Magic:  13/13      EV: 19    Int: 10    God:    Makhleb [******]
Gold:   57         SH: 22    Dex: 18    Spells: 0 memorised, 10 levels left

rFire  . . .     SeeInvis .       - Unarmed
rCold  + . .     Gourm    +     o - +0 troll leather armour
rNeg   . . .     Faith    .     v - +6 shield "Remuciecw" {MR+}
rPois  .         Spirit   .     t - +1 hat of Impermeability {Int+6 Dex+5}
rElec  +         Dismiss  .     r - +0 cloak of the Elven Halls {rElec rC+} (curse)
rCorr  +         Reflect  +     (gloves unavailable)
SustAt .         Harm     .     (boots unavailable)
MR     +....     NoTele   +     u - +3 amulet of reflection
Stlth  +++.......               p - ring "Annasira" {rCorr Dex+4}
                                a - ring of Elyvilon's Outrage {EV+2 Stlth+}

@: lethally poisoned (-2 -> -33), mesmerised, somewhat resistant to hostile
enchantments, fairly stealthy
A: unfitting armour, claws 3, fast metabolism 3, gourmand, regeneration 2,
shaggy fur 1, tough skin 2
a: Minor Destruction, Lesser Servant of Makhleb, Major Destruction, Greater
Servant of Makhleb, Renounce Religion
}: 1/15 runes: decaying


You were in the Dungeon.
You worshipped Makhleb.
Makhleb was exalted by your worship.
You were full.

You visited 1 branch You collected 2350 gold pieces.
You spent 2293 gold pieces at shops.

Inventory:

Missiles
 q - 4 tomahawks of returning (quivered)
Armour
 o - a +0 troll leather armour (worn)
 r - the cursed +0 cloak of the Elven Halls (worn) {rElec rC+}
   (You bought it in a shop in the Dungeon)

   It protects you from cold.
   It insulates you from electricity.
   It has a curse placed upon it.
 t - the +1 hat of Impermeability (worn) {Int+6 Dex+5}
   (You found it in the Dungeon)

   It affects your intelligence (+6).
   It affects your dexterity (+5).
 v - the +6 shield "Remuciecw" (worn) {MR+}
   (You bought it in a shop in the Dungeon)

   It affects your resistance to hostile enchantments.
Jewellery
 a - the ring of Elyvilon's Outrage (left claw) {EV+2 Stlth+}
   (You bought it in a shop in the Dungeon)

   [ring of evasion]

   It affects your evasion (+2).
   It makes you more stealthy.
 p - the ring "Annasira" (right claw) {rCorr Dex+4}
   (You bought it in a shop in the Dungeon)

   [ring of resist corrosion]

   It affects your dexterity (+4).
 u - a +3 amulet of reflection (around neck)
Wands
 l - a wand of draining (15/15)
 m - a wand of fireball (5/15)
Scrolls
 j - 3 scrolls of blinking
 n - 3 scrolls of fog
 s - a scroll of recharging
Potions
 c - a potion of might
 f - 4 potions of heal wounds
 g - 4 potions of haste
 h - 2 potions of magic
 i - a potion of berserk rage
 k - a potion of resistance
Comestibles
 d - 2 bread rations


   Skills:
 + Level 9.6 Fighting
 + Level 2.1 Throwing
 + Level 5.4 Armour
 + Level 10.9 Dodging
 + Level 3.7 Stealth
 + Level 10.1 Shields
 * Level 15.4 Unarmed Combat
 + Level 4.7 Invocations
 + Level 3.0 Evocations


You had 10 spell levels left.
You didn't know any spells.

Dungeon Overview and Level Annotations

Branches:
Dungeon (1/1)

Altars:
Cheibriados
Dithmenos
Fedhas
Gozag
Kikubaaqudgha
Makhleb
Okawaru
Pakellas
Qazlal
Ru
Sif Muna
Trog
Vehumet
Xom
Yredelemnul
Zin
The Shining One
Jiyva
Lugonu

Shops:
D *[%??*?*:[((!!!!


Innate Abilities, Weirdness & Mutations

You are too large for most types of armour.
You have claws for hands.
Your metabolism is lightning-fast.
You like to eat raw meat.
You heal very quickly.
You are covered in fur (AC +1).
You have very tough skin (AC +2).


Message History

The sea snake bites you.
* * * LOW HITPOINT WARNING * * *
The siren chants its luring song.
Your hellwing barely misses the faun.
Your hellwing hits the faun but does no damage.
The faun closely misses your hellwing.
You block the eldritch tentacle's attack.
The eldritch tentacle closely misses you.
A demon appears!
It doesn't seem very happy.
You feel somewhat less full.
* * * LOW HITPOINT WARNING * * *
You feel very sick.
You block the harpy's attack. x2; The faun misses you.
The sea snake bites you but does no damage.
The dimme chants its luring song.
The siren chants its luring song.
The eldritch tentacle slaps you!
* * * LOW HITPOINT WARNING * * *
The eldritch tentacle shocks you. You resist.
You die...

#∩.......∩# #_.)......#
#_......._# #_.(....._#
###.§§......###
#⌠..§*...†)..⌠#
######.8./(..†...8.#####
##∩___Hm.w(.###.[....___∩
###∩....2(@S8.# #.8.)..[...
##.......cm....###[.........
#⌠........c4###)..###.......
#⌠....(.....# #.<.# #.....[.
#⌠..[...)...###)..###.......
##...÷.......[)###......)...
###∩.......[8[# #.8........
##∩_._......###......_._∩
######.8.........8.#####


You could see an eldritch tentacle, a dimme, a balrug, a sea snake, 2 fauns, a
siren, a harpy and a friendly hellwing.

Vanquished Creatures
  the Lernaean hydra (D)
  An alligator (D)
  An ogre mage (D)
  An orc knight (D)
  A swamp dragon (D)
  2 spiny frogs (D)
  4 two-headed ogres (D)
  A wind drake (D)
  An air elemental (D)
  A steam dragon (D)
  A vampire mosquito (D)
  2 wargs (D)
  2 orc warriors (D)
  2 sky beasts (D)
  6 dwarves (D)
  4 ogres (D)
  A scorpion (D)
  3 orc priests (D)
  3 orc wizards (D)
  3 lightning spires (D)
  5 worms (D)
  6 giant cockroaches (D)
52 creatures vanquished.

Vanquished Creatures (collateral kills)
  A swamp dragon (D)
  A spiny frog (D)
2 creatures vanquished.

Vanquished Creatures (others)
  2 dwarves (D)
  3 eldritch tentacle segments (D)
5 creatures vanquished.

Grand Total: 59 creatures vanquished

Notes
Turn   | Place    | Note
--------------------------------------------------------------
     0 | D        | Enroth the Troll Fighter began the quest for the Orb.
     0 | D        | Reached XP level 1. HP: 22/22 MP: 0/0
     4 | D        | Found a sacrificial altar of Ru.
     4 | D        | Found an iron altar of Okawaru.
     5 | D        | Round 1.
     6 | D        | Found a snail-covered altar of Cheibriados.
     6 | D        | Found a glowing silver altar of Zin.
     7 | D        | Found a stormy altar of Qazlal.
     7 | D        | Found Dimed's Weapon Rack.
     7 | D        | Found Huynelan's Premium Goods.
     8 | D        | Found Viurr's Basic Armour.
     8 | D        | Found Biuno's Miscellaneous Merchandise.
    12 | D        | Found a shadowy altar of Dithmenos.
    23 | D        | Bought a +0 troll leather armour for 180 gold pieces
    39 | D        | Found an ancient bone altar of Kikubaaqudgha.
    40 | D        | Found Ycuecha's Do-It-Yourself Clinic.
    41 | D        | Found Capau's Bottled Wisdom.
    41 | D        | Found Zookitti's Distillery.
    47 | D        | Found a blossoming altar of Fedhas.
    47 | D        | Found a deep blue altar of Sif Muna.
    47 | D        | Found a radiant altar of Vehumet.
    47 | D        | Found Nitida's Distillery.
    61 | D        | Found a viscous altar of Jiyva.
    63 | D        | Found a corrupted altar of Lugonu.
    65 | D        | Found Sophuchi's Staff Store.
    68 | D        | Found a basalt altar of Yredelemnul.
    68 | D        | Found a glowing golden altar of the Shining One.
    68 | D        | Found a shimmering altar of Xom.
    68 | D        | Found Viuw's Magic Scroll Shop.
    70 | D        | Found Nonoos's Must-Have Magic.
    70 | D        | Found Xonu's Magic Scroll Shop.
    89 | D        | Found an oddly glowing altar of Pakellas.
    90 | D        | Found a bloodstained altar of Trog.
    91 | D        | Found a burning altar of Makhleb.
    91 | D        | Found Heicuuf's Bee Food.
    92 | D        | Found Zebbuhog's Jewellery.
    92 | D        | Found Semiull's Advanced Armour.
    96 | D        | Reached skill level 3 in Dodging
    97 | D        | Reached XP level 2. HP: 29/29 MP: 1/1
    98 | D        | Found an opulent altar of Gozag.
    98 | D        | Found Ihenac's Identification Station.
   104 | D        | Arena points: 14 (+14) [x2]
   109 | D        | Became a worshipper of Makhleb the Destroyer
   138 | D        | Round 2.
   139 | D        | Noticed a scorpion
   156 | D        | Killed a scorpion
   156 | D        | Reached * piety under Makhleb
   156 | D        | Reached skill level 4 in Dodging
   156 | D        | Reached XP level 3. HP: 25/39 MP: 2/2
   162 | D        | Reached XP level 4. HP: 32/48 MP: 3/3
   167 | D        | Reached ** piety under Makhleb
   168 | D        | Arena points: 56 (+42) [x3]
   186 | D        | Bought a coiled jade ring for 45 gold pieces
   186 | D        | Bought a vibrating platinum ring for 45 gold pieces
   186 | D        | Identified the ring of Elyvilon's Outrage {EV+2 Stlth+} (You bought it in a shop in the Dungeon)
   187 | D        | Identified the ring "Annasira" {rCorr Dex+4} (You bought it in a shop in the Dungeon)
   220 | D        | Round 3.
   222 | D        | Noticed a warg
   235 | D        | Killed a warg
   235 | D        | Reached skill level 1 in Armour
   235 | D        | Reached skill level 5 in Dodging
   235 | D        | Reached skill level 6 in Unarmed Combat
   235 | D        | Reached XP level 5. HP: 53/55 MP: 4/4
   250 | D        | Noticed an ogre
   254 | D        | Noticed an orc knight
   260 | D        | Killed an ogre
   260 | D        | Reached *** piety under Makhleb
   260 | D        | Reached skill level 5 in Fighting
   260 | D        | Reached skill level 1 in Stealth
   260 | D        | Reached skill level 5 in Shields
   260 | D        | Reached XP level 6. HP: 63/66 MP: 5/5
   297 | D        | Killed an orc knight
   297 | D        | Reached skill level 7 in Dodging
   297 | D        | Reached skill level 9 in Unarmed Combat
   297 | D        | Reached XP level 7. HP: 25/75 MP: 6/6
   299 | D        | Reached **** piety under Makhleb
   308 | D        | Arena points: 140 (+84) [x4]
   354 | D        | Round 4.
   394 | D        | Reached skill level 10 in Unarmed Combat
   394 | D        | Reached XP level 8. HP: 65/83 MP: 7/7
   456 | D        | Reached ***** piety under Makhleb
   475 | D        | Arena points: 280 (+140) [x5]
   545 | D        | Round 5.
   556 | D        | Noticed the 27-headed Lernaean hydra
   592 | D        | Noticed a spiny frog
   599 | D        | Killed the 27-headed Lernaean hydra
   599 | D        | Arena points: 525 (+245) [x7]
   599 | D        | Reached skill level 1 in Throwing
   599 | D        | Reached skill level 13 in Unarmed Combat
   599 | D        | Reached skill level 1 in Evocations
   599 | D        | Reached XP level 9. HP: 62/96 MP: 7/10
   602 | D        | Got a decaying rune of Zot
   603 | D        | Got a spiked hat
   609 | D        | Identified the +1 hat of Impermeability {Int+6 Dex+5} (You found it in the Dungeon)
   609 | D        | Reached XP level 10. HP: 75/104 MP: 8/11
   645 | D        | Bought 3 scrolls of recharging for 285 gold pieces
   796 | D        | Round 6.
   804 | D        | Noticed a swamp dragon
   817 | D        | Killed a swamp dragon
   817 | D        | Reached skill level 5 in Armour
   817 | D        | Reached XP level 11. HP: 111/111 MP: 12/12
   914 | D        | Noticed a swamp dragon
   933 | D        | Killed a swamp dragon
   933 | D        | Reached skill level 10 in Dodging
   937 | D        | Reached ****** piety under Makhleb
   953 | D        | Noticed an alligator
   958 | D        | Killed an alligator
   958 | D        | Arena points: 909 (+384) [x8]
   958 | D        | Reached skill level 14 in Unarmed Combat
   995 | D        | Bought a +3 amulet of reflection for 375 gold pieces
   995 | D        | Round 7.
  1047 | D        | Arena points: 1476 (+567) [x9]
  1061 | D        | Bought a transparent large shield for 332 gold pieces
  1070 | D        | Round 8.
  1071 | D        | Identified the -7 large shield "Esyz" {rF+ rN+ Dex-5} (You bought it in a shop in the Dungeon)
  1100 | D        | Noticed an ogre mage
  1114 | D        | Killed an ogre mage
  1157 | D        | Reached skill level 10 in Shields
  1195 | D        | Reached skill level 15 in Unarmed Combat
  1246 | D        | Arena points: 2196 (+720) [x10]
  1265 | D        | Round 9.
  1267 | D        | Bought a bloodstained shield for 332 gold pieces
  1277 | D        | Identified the +6 shield "Remuciecw" {MR+} (You bought it in a shop in the Dungeon)
  1358 | D        | Arena points: 3087 (+891) [x11]
  1377 | D        | Bought a spiked cloak for 332 gold pieces
  1382 | D        | Identified the +0 cloak of the Ecumenical Temple {Dex+2} (You bought it in a shop in the Dungeon)
  1382 | D        | Bought a brightly glowing cloak for 332 gold pieces
  1392 | D        | Identified the cursed +0 cloak of the Elven Halls {rElec rC+} (You bought it in a shop in the Dungeon)
  1418 | D        | Round 10.
  1434 | D        | Bought a potion of heal wounds for 35 gold pieces
  1443 | D        | Noticed a dimme
  1446 | D        | Noticed a sea snake
  1453 | D        | Noticed a harpy
  1467 | D        | Noticed an eldritch tentacle
  1469 | D        | Noticed a balrug
  1469 | D        | HP: 3/115 [eldritch tentacle[a dimme] (8)]
  1469 | D        | Slain by an eldritch tentacle

Vault maps used:
D:        arena_sprint

Action                   |  1- 3 |  4- 6 |  7- 9 | 10-12 || total
-------------------------+-------+-------+-------+-------++-------
Melee: Unarmed           |    33 |    39 |    41 |   127 ||   240
Throw: Tomahawk          |       |       |     2 |       ||     2
Invok: Minor Destruction |       |     1 |     2 |       ||     3
       Lesser Servant of |       |       |     3 |     4 ||     7
       Greater Servant o |       |       |       |     1 ||     1
Evoke: Wand              |       |       |     5 |       ||     5
  Use: Scroll            |       |       |     1 |     2 ||     3
       Potion            |       |       |     1 |     2 ||     3
 Stab: Distracted        |       |       |     1 |     1 ||     2
       Confused          |       |       |       |     2 ||     2
  Eat: Chunk             |       |     3 |     8 |     6 ||    17
